 Dungeon Crawl Stone Soup version 0.22-a0-247-gbddf880 (webtiles) character file.

40 Amnesiac the Bolt Thrower (level 3, -1/29 HPs)
             Began as a Demigod Wanderer on Feb 25, 2018.
             Slain by a gnoll
             ... wielding a +1 flail of protection
              (7 damage)
             ... on level 2 of the Dungeon.
             The game lasted 00:04:33 (831 turns).

Amnesiac the Bolt Thrower (Demigod Wanderer)         Turns: 831, Time: 00:04:34

Health: -1/29      AC:  8    Str: 18    XL:     3   Next: 14%
Magic:  9/9        EV:  6    Int: 18    God:
Gold:   47         SH:  4    Dex: 15    Spells: 5/7 levels left

rFire    . . .     SeeInvis .   i - +0 mace
rCold    . . .     Gourm    .   d - +0 buckler
rNeg     . . .     Faith    .   n - +0 chain mail
rPois    .         Spirit   .   (no helmet)
rElec    .         Reflect  .   (no cloak)
rCorr    .         Harm     +   (no gloves)
MR       .....                  (no boots)
Stlth    ..........             j - amulet of harm
HPRegen  0.09/turn              f - +3 ring of intelligence
MPRegen  0.11/turn              (no ring)

@: no status effects
A: high mp 1
a: no special abilities


You were on level 2 of the Dungeon.
You were not hungry.

You visited 1 branch of the dungeon, and saw 2 of its levels.

You collected 47 gold pieces.

Inventory:

Hand Weapons
 a - a +2 hand crossbow
 i - a +0 mace (weapon)
Missiles
 b - 43 bolts
 k - 24 poisoned needles
 l - 77 stones (quivered)
Armour
 d - a +0 buckler (worn)
 n - a +0 chain mail (worn)
Jewellery
 f - a +3 ring of intelligence (left hand)
 j - an amulet of harm (around neck)
 m - an uncursed ring of fire
Scrolls
 o - a scroll of identify {!r, unknown}
 q - a scroll of remove curse {!r, unknown}
 r - a scroll of teleportation {!r, unknown}
Potions
 e - a potion of haste {!q, unknown}
 g - a potion of resistance {!q, unknown}
 p - a potion of heal wounds {!q, unknown}
Comestibles
 c - 3 rations
 h - 6 chunks of flesh


   Skills:
 - Level 1.7 Fighting
 + Level 3.0 Crossbows
 - Level 1.7 Shields
 - Level 2.6 Spellcasting
   Level 1.7 Charms


You had 5 spell levels left.
You knew the following spells:

 Your Spells              Type           Power        Failure   Level  Hunger
a - Ensorcelled Hibernat  Hex/Ice        #.....       99%         2    ##.....


Dungeon Overview and Level Annotations

Branches:
Dungeon (2/15)


Innate Abilities, Weirdness & Mutations

You have an increased reservoir of magic. (+10% MP)


Message History

You hit the gnoll.
You kill the gnoll!
Your Crossbows skill increases to level 3!
You have reached level 3!
Your experience leads to a dramatic increase in your attributes!
Your base attributes are Str 16, Int 15, Dex 15.
Increase (S)trength, (I)ntelligence, or (D)exterity?
You feel stronger. x2
You see here a gnoll corpse.
You butcher the gnoll corpse.
h - 6 chunks of flesh (gained 4) 2 gnolls come into view.
A gnoll is wielding a flail of protection.
The gnoll shouts! x2
The gnoll moves out of view.
A gnoll comes into view. It is wielding a spear.
There are monsters nearby!
There are monsters nearby!
The gnoll shouts!
Found a lumpy green potion.
Found an escape hatch in the ceiling.
You swing at nothing.
You swing at nothing.
The gnoll hits you but does no damage.
You hit the gnoll.
The gnoll is moderately wounded.
The gnoll hits you with a flail of protection!
The gnoll hits you but does no damage.
You hit the gnoll.
The gnoll is severely wounded.
The gnoll hits you from afar with a spear.
The gnoll hits you with a flail of protection.
* * * LOW HITPOINT WARNING * * *
A kobold comes into view. It is wielding a dagger.
The kobold shouts!
The gnoll barely misses you.
Found 7 gold pieces.
The kobold hits you but does no damage.
Your chain mail prevents you from hitting the kobold.
The kobold hits you but does no damage.
The gnoll hits you from afar with a spear.
* * * LOW HITPOINT WARNING * * *
The gnoll hits you but does no damage. The kobold hits you but does no damage.
The gnoll hits you from afar with a spear.
* * * LOW HITPOINT WARNING * * *
Really quaff
e - a brown potion {!q}?
Okay, then.
Okay, then.
Okay, then.
Okay, then.
You sock the kobold!
You kill the kobold!
You block the gnoll's attack.
The gnoll hits you with a flail of protection.
* * * LOW HITPOINT WARNING * * *
The gnoll hits you from afar with a spear.
* * * LOW HITPOINT WARNING * * *
You block the gnoll's attack.
Things that are here:
a dagger; a stone
Found an escape hatch in the floor.
Unknown command.
There is a stone staircase leading down here.
The gnoll hits you with a flail of protection.
You die...

#.# #.# #.# #.# #.#
#.### #...# #####.#
.. ..##@# #.#
#.##g# #.# ##>##.#
#.######...#g##
#g..........g.# #g#
###.[.....#
#####.####........#
#.................#
#.###g####........#


You could see 3 gnolls.

Vanquished Creatures
  A gnoll (D:2)
  An ooze (D:1)
  A leopard gecko (D:2)
  A giant cockroach (D:1)
  2 hobgoblins (D:1)
  4 jackals (D:1)
  A quokka (D:2)
  3 bats (D:1)
  A frilled lizard (D:1)
  A goblin (D:1)
  5 kobolds
  5 rats
26 creatures vanquished.

Notes
Turn   | Place    | Note
-------+----------+-------------------------------------------
     0 | D:1      | Amnesiac the Demigod Wanderer began the quest for the Orb.
     0 | D:1      | Amnesiac set off with: a +2 hand crossbow, 21 bolts, a ration, a +0 buckler, a +0 robe
     0 | D:1      | Reached XP level 1. HP: 17/17 MP: 6/6
    34 | D:1      | Reached skill level 2 in Crossbows
    35 | D:1      | Reached XP level 2. HP: 12/24 MP: 8/8
   170 | D:1      | Learned a level 2 spell: Ensorcelled Hibernation
   789 | D:2      | Reached skill level 3 in Crossbows
   789 | D:2      | Reached XP level 3. HP: 28/29 MP: 9/9
   831 | D:2      | Slain by a gnoll

Vault maps used:
D:1:      dpeg_arrival_shelter
D:2:      minmay_misc_feat_doors, minmay_surrounded

Skill      XL: |  1  2 |
---------------+-------+-----
Crossbows      | 2 3 |  3.0
Fighting       | |  1.7
Shields        | |  1.7
Spellcasting   | |  2.6
Charms         | |  1.7

Action                   || total
-------------------------++-------
Melee: Unarmed           ||    18
       Mace              ||    42
 Fire: Hand crossbow     ||    11
 Stab: Sleeping          ||     1
Armor: Robe              ||    15
       Chain mail        ||    14
Dodge: Dodged            ||    46
Block: Buckler           ||     8

Table legend:
 A = Spawn XP
 B = Non-spawn XP
 C = Spawn XP percentage of total XP
 D = Spawn monster count
 E = Non-spawn monster count
 F = Spawn count percentage of total count
 G = Total turns spent on level
                    A         B        C        D         E        F      G
               +---------+---------+-------+---------+---------+-------+---------
         Total |       0 |      58 |   0.0 |       0 |      26 |   0.0 |   831
               +---------+---------+-------+---------+---------+-------+---------
           D:1 |       0 |      36 |   0.0 |       0 |      21 |   0.0 |   741
           D:2 |       0 |      22 |   0.0 |       0 |       5 |   0.0 |    90
               +---------+---------+-------+---------+---------+-------+---------
